 Dungeon Crawl Stone Soup version 0.19-a0-450-g98b348d (webtiles) character file.

223 Kidiri the Magician (level 5, 0/28 HPs)
             Began as a Deep Elf Fire Elementalist on June 1, 2016.
             Succumbed to epen's ghost's poison
             ... on level 3 of the Dungeon.
             The game lasted 00:08:21 (3431 turns).

Kidiri the Magician (Deep Elf Fire Elementalist)    Turns: 3431, Time: 00:08:22

Health: 0/28       AC:  2    Str:  5    XL:     5   Next: 66%
Magic:  7/15       EV: 18    Int: 21    God:
Gold:   188        SH:  0    Dex: 20    Spells: 5 memorised, 3 levels left

rFire  . . .     SeeInvis .     u - +4 short sword
rCold  . . .     Gourm    .     a - +0 robe
rNeg   + . .     Faith    .     (no shield)
rPois  .         Spirit   .     (no helmet)
rElec  .         Dismiss  .     (no cloak)
rCorr  .         Reflect  .     (no gloves)
SustAt .         Harm     .     (no boots)
MR     .....                    (no amulet)
Stlth  +++.......               (no ring)
                                r - ring of positive energy

@: agile, lethally poisoned (0 -> -5), very slightly contaminated, not resistant
to hostile enchantments, fairly stealthy
A: no striking features
a: no special abilities


You were on level 3 of the Dungeon.
You were not hungry.

You visited 1 branch of the dungeon, and saw 3 of its levels.

You collected 188 gold pieces.

Inventory:

Hand Weapons
 u - a +4 short sword (weapon)
Armour
 a - a +0 robe (worn)
 t - a +0 leather armour
Jewellery
 r - a ring of positive energy (left hand)
Wands
 d - a wand of random effects (29/48)
 e - a wand of lightning (8/15)
Scrolls
 j - 3 scrolls of blinking {unknown}
 o - a scroll of enchant armour {unknown}
 q - 2 scrolls of recharging {unknown}
 s - 2 scrolls of teleportation {unknown}
Potions
 h - a potion of magic
 k - a potion of resistance
 m - a potion of lignification
Books
 b - a book of Flames

   Spells                             Type                      Level
   a - Flame Tongue                   Conjuration/Fire             1
   b - Throw Flame                    Conjuration/Fire             2
   c - Conjure Flame                  Conjuration/Fire             3
   d - Inner Flame                    Hexes/Fire                   3
   e - Sticky Flame                   Conjuration/Fire             4
   f - Fireball                       Conjuration/Fire             5
Comestibles
 c - a bread ration
 f - a slice of pizza
 i - 3 beef jerkies
 n - a chunk of flesh
 p - a meat ration


   Skills:
 - Level 2.4 Dodging
 - Level 2.4 Stealth
 * Level 6.0 Spellcasting
 + Level 3.3 Conjurations
 + Level 4.4 Fire Magic


You had 3 spell levels left.
You knew the following spells:

 Your Spells              Type           Power        Failure   Level  Hunger
a - Flame Tongue          Conj/Fire      ###..        1%          1    None
b - Throw Flame           Conj/Fire      ###...       3%          2    None
c - Conjure Flame         Conj/Fire      ###.....     10%         3    ##.....
d - Inner Flame           Hex/Fire       ###.....     14%         3    ##.....
e - Sticky Flame          Conj/Fire      ###.....     24%         4    ####...


Dungeon Overview and Level Annotations

Branches:
Dungeon (3/15)

Altars:

Annotations:
D:3 epen's ghost, amateur DsIE


Message History

Epen's ghost gestures at you while chanting.
You are frozen.
Some of the chunks of flesh in your inventory have rotted away.
You feel sick.
You feel sick.
Okay, then.
You feel agile all of a sudden.
Epen's ghost gestures at you while chanting.
You are frozen.
Unknown command.
You feel sick.
You feel sick.
You feel sick.
Epen's ghost points at you and mumbles some strange words.
The puff of frost hits you!
* * * LOW HITPOINT WARNING * * *
Unknown command.
Okay, then.
Unknown command.
You die...

#......# #.####.#
#.# #.# ##.#
#.########## ...#
#..........# ####
#.########.#
################.#
............(....#
...#...#...#...#@#
..?..........W...#
...#...#...#...###
................#
#################
#.# #.# #.#####.#
........#
..#######


You could see epen's ghost.

Vanquished Creatures
  An orc priest (D:3)
  Terence (D:2)
  Ijyb (D:2)
  4 gnolls (D:3)
  6 adders
  A worm (D:3)
  A dart slug (D:1)
  2 orcs (D:3)
  7 bats
  A giant cockroach (D:1)
  4 hobgoblins
  3 quokkas
  6 giant newts
  5 goblins
  5 kobolds
  6 rats
54 creatures vanquished.

Notes
Turn   | Place    | Note
--------------------------------------------------------------
     0 | D:1      | Kidiri the Deep Elf Fire Elementalist began the quest for the Orb.
     0 | D:1      | Reached XP level 1. HP: 10/10 MP: 6/6
   393 | D:1      | Reached XP level 2. HP: 15/15 MP: 6/8
   397 | D:1      | Learned a level 2 spell: Throw Flame
   881 | D:2      | Noticed Ijyb
   964 | D:2      | Killed Ijyb
   964 | D:2      | Reached skill level 4 in Spellcasting
   964 | D:2      | Reached XP level 3. HP: 8/19 MP: 0/10
  1063 | D:2      | Learned a level 3 spell: Conjure Flame
  1067 | D:2      | Learned a level 3 spell: Inner Flame
  1268 | D:2      | Reached XP level 4. HP: 19/24 MP: 7/12
  1748 | D:2      | Noticed Terence
  1778 | D:2      | Reached skill level 5 in Spellcasting
  1974 | D:2      | Learned a level 4 spell: Sticky Flame
  2355 | D:2      | Killed Terence
  2598 | D:3      | Reached XP level 5. HP: 28/28 MP: 6/14
  2672 | D:3      | Noticed epen's ghost (amateur DsIE)
  3187 | D:3      | Reached skill level 6 in Spellcasting
  3428 | D:3      | HP: 1/28 [epen's ghost/puff of frost (9)]
  3431 | D:3      | Succumbed to epen's ghost's poison

Vault maps used:
D:1:      dpeg_arrival_boxes_within_box, minmay_misc_feat_secret_circle
D:2:      uniq_iyjb, uniq_terence
D:3:      lemuel_coloured_pillars_altar, grunt_ministairs_1

Skill      XL: |  1  2  3  4  5 |
---------------+----------------+-----
Spellcasting   | 4 5 6 |  6.0
Conjurations   | 2 3 |  3.3
Fire Magic     | 4 |  4.4
Dodging        | |  2.4
Stealth        | |  2.4

Action                   |  1- 3 |  4- 6 || total
-------------------------+-------+-------++-------
Melee: Unarmed           |     1 |       ||     1
       Short sword       |     9 |    17 ||    26
 Cast: Flame Tongue      |    33 |    41 ||    74
       Throw Flame       |     9 |    15 ||    24
       Conjure Flame     |       |     3 ||     3
       Sticky Flame      |       |     2 ||     2
       Inner Flame       |       |     2 ||     2
  Use: Potion            |     1 |     1 ||     2
       Scroll            |       |     5 ||     5
 Stab: Sleeping          |       |     2 ||     2
  Eat: Chunk             |     1 |     7 ||     8
Armor: Robe              |     3 |     7 ||    10
Dodge: Dodged            |    15 |    24 ||    39
